 Dungeon Crawl Stone Soup version 0.25.0-33-gff14898491 (webtiles) character file.

Game seed: 13445739728804565123

1378522 Bodigarde the Pyromancer (level 27, 218/221 HPs)
             Began as a Pale Draconian Wizard on July 1, 2020.
             Was an Elder of Sif Muna.
             Escaped with the Orb
             ... and 3 runes on July 7, 2020!
             The game lasted 10:08:29 (124462 turns).

Bodigarde the Pyromancer (Pale Draconian Wizard)  Turns: 124462, Time: 10:08:30

Health: 218/221    AC: 27    Str:  5    XL:     27
Magic:  46/50      EV: 19    Int: 30    God:    Sif Muna [****..]
Gold:   4531       SH:  9    Dex: 19    Spells: 17/73 levels left

rFire    + + .     SeeInvis .   a - staff of conjuration
rCold    + . .     Gourm    .   o - +3 buckler {AC+3}
rNeg     + + .     Faith    .   (armour unavailable)
rPois    +         Spirit   .   t - -2 hat of the Alchemist {rElec rPois rF+ rC+ rN+ MR+ rMut rCorr}
rElec    +         Reflect  .   O - +2 cloak {rPois}
rCorr    +         Harm     .   y - +2 pair of gloves
rMut     +                      E - +2 pair of boots
MR       +++++                  I - amulet of magic regeneration
Stlth    +.........             r - ring "Haneon" {MR+++ AC+4 Str-5 Dex+8 Stlth-}
HPRegen  0.46/turn              D - ring "Nazaosamm" {rPois rF+ rN+ Str+2}
MPRegen  0.57/turn

@: hasted, very quick
A: breathe steam, unfitting armour, weak 1, cold-blooded, MP-powered wands, AC
+13
0: Orb of Zot
}: 3/15 runes: serpentine, barnacled, silver
a: Breathe Steam, Channel Magic, Forget Spell, Divine Exegesis, Renounce
Religion


You escaped.
You worshipped Sif Muna.
Sif Muna was greatly pleased with you.
You were full.

You visited 10 branches of the dungeon, and saw 52 of its levels.

You collected 8873 gold pieces.
You spent 4342 gold pieces at shops.

Inventory:

Hand Weapons
 b - a +9 demon trident of electrocution
Missiles
 p - 8 throwing nets
 u - 68 boomerangs (quivered)
 W - 8 curare-tipped darts
Armour
 o - a +3 buckler of protection (worn)
 t - the -2 hat of the Alchemist (worn) {rElec rPois rF+ rC+ rN+ MR+ rMut rCorr}
   (You bought it in a shop on level 2 of the Depths)

   It protects you from fire.
   It protects you from cold.
   It insulates you from electricity.
   It protects you from poison.
   It protects you from negative energy.
   It affects your resistance to hostile enchantments.
   It provides partial protection from all sources of acid and corrosion.
   It protects you from mutation.
 y - a +2 pair of gloves (worn)
 E - a +2 pair of boots (worn)
 O - a +2 cloak of poison resistance (worn)
Magical Staves
 a - an uncursed staff of conjuration (weapon)
Jewellery
 r - the ring "Haneon" (left hand) {MR+++ AC+4 Str-5 Dex+8 Stlth-}
   (You bought it in a shop on level 2 of the Depths)

   [ring of protection]

   It affects your AC (+4).
   It affects your strength (-5).
   It affects your dexterity (+8).
   It affects your resistance to hostile enchantments.
   It makes you less stealthy.
 B - an uncursed ring of flight
 D - the ring "Nazaosamm" (right hand) {rPois rF+ rN+ Str+2}
   (You took it off an ancient champion on level 3 of the Crypt)

   [ring of positive energy]

   It affects your strength (+2).
   It protects you from fire.
   It protects you from poison.
   It protects you from negative energy.
 I - an amulet of magic regeneration (around neck)
 X - an uncursed ring of see invisible
 Y - an uncursed ring of protection from cold
Wands
 q - a wand of acid (69)
 F - a wand of disintegration (17)
 K - a wand of digging (8)
 V - a wand of clouds (11)
Scrolls
 d - 24 scrolls of remove curse
 e - a scroll of amnesia
 g - 14 scrolls of teleportation
 m - 2 scrolls of fog
 v - 9 scrolls of fear
 A - 10 scrolls of blinking
 H - 2 scrolls of summoning
 J - 2 scrolls of holy word
 Q - 3 scrolls of silence
 T - 4 scrolls of magic mapping
 Z - 18 scrolls of identify
Potions
 f - 11 potions of flight
 h - 10 potions of might
 i - 2 potions of magic
 j - 23 potions of curing
 k - 4 potions of berserk rage
 l - 6 potions of lignification
 n - 4 potions of mutation
 w - 8 potions of heal wounds
 z - 4 potions of haste
 C - 3 potions of ambrosia
 M - 5 potions of resistance
 S - 2 potions of cancellation
 U - 4 potions of brilliance
Miscellaneous
 G - a phial of floods
 L - 4 phantom mirrors
 R - a lightning rod (4/4)
Comestibles
 x - 26 rations


   Skills:
 * Level 13.5 Fighting
 + Level 8.4(8.7) Polearms
 + Level 3.4(6.3) Staves
 + Level 3.4 Throwing
 + Level 9.0 Dodging
 + Level 5.3 Stealth
 - Level 6.1 Shields
 + Level 23.8 Spellcasting
 + Level 24.3 Conjurations
   Level 3.2 Charms
 + Level 5.6 Summonings
 + Level 3.1 Translocations
 + Level 25.0 Fire Magic
   Level 2.7 Ice Magic
   Level 4.2 Air Magic
 + Level 11.3 Earth Magic
   Level 4.1 Poison Magic
 + Level 11.3 Invocations
 + Level 3.0 Evocations


You had 17 spell levels left.
You knew the following spells:

 Your Spells              Type           Power        Failure   Level  Hunger
a - Starburst             Conj/Fire      ########..   0%          6    None
b - Iron Shot             Conj/Erth      ########..   1%          6    None
c - Blink                 Tloc           N/A          1%          2    None
d - Lehudib's Crystal Sp  Conj/Erth      ########..   3%          8    ####...
e - Ignition              Fire           ########..   1%          8    ####...
f - Sticky Flame          Conj/Fire      ########     0%          4    None
g - Fireball              Conj/Fire      ########..   0%          5    None
h - Apportation           Tloc           ######       1%          1    None
j - Fire Storm            Conj/Fire      ########..   3%          9    #####..
k - Spellforged Servitor  Conj/Summ      ########..   1%          7    None

Your spell library contained the following spells:

 Spells                   Type           Power        Failure   Level  Hunger
 Foxfire                  Conj/Fire      ####         0%          1    None
 Magic Dart               Conj           ####         0%          1    None
 Sandblast                Erth           ######       0%          1    None
 Shock                    Conj/Air       ####         0%          1    None
 Searing Ray              Conj           ######       0%          2    None
 Conjure Flame            Conj/Fire      ########     0%          3    None
 Inner Flame              Hex/Fire       #######.     0%          3    None
 Static Discharge         Conj/Air       ########     0%          3    None
 Stone Arrow              Conj/Erth      ######       0%          3    None
 Bolt of Magma            Conj/Fire/Erth ########..   0%          5    None
 Animate Skeleton         Necr           N/A          1%          1    None
 Corona                   Hex            #####..      1%          1    None
 Freeze                   Ice            ####         1%          1    None
 Pain                     Necr           ####         1%          1    None
 Sting                    Tmut/Pois      ####         1%          1    None
 Summon Butterflies       Summ           ######..     1%          1    None
 Summon Small Mammal      Summ           ####         1%          1    None
 Call Imp                 Summ           ######..     1%          2    None
 Corpse Rot               Necr/Air       N/A          1%          2    None
 Ensorcelled Hibernation  Hex/Ice        #####.       1%          2    None
 Passwall                 Tmut/Erth      ######..     1%          2    None
 Poisonous Vapours        Pois/Air       ######       1%          2    None
 Shroud of Golubria       Chrm/Tloc      ######       1%          2    None
 Slow                     Hex            #####...     1%          2    None
 Swiftness                Chrm/Air       ######..     1%          2    None
 Call Canine Familiar     Summ           ######..     1%          3    None
 Dazzling Flash           Conj/Hex       ######       1%          3    None
 Frozen Ramparts          Ice            ######       1%          3    None
 Gell's Gravitas          Tloc           ######....   1%          3    None
 Ignite Poison            Fire/Tmut/Pois #######.     1%          3    None
 Lesser Beckoning         Tloc           ######....   1%          3    None
 Mephitic Cloud           Conj/Pois/Air  ########     1%          3    None
 Ozocubu's Armour         Chrm/Ice       ######..     1%          3    None
 Portal Projectile        Hex/Tloc       #####.       1%          3    None
 Recall                   Summ/Tloc      N/A          1%          3    None
 Spectral Weapon          Hex/Chrm       #####...     1%          3    None
 Spider Form              Tmut/Pois      #####.....   1%          3    None
 Summon Guardian Golem    Hex/Summ       ######..     1%          3    None
 Teleport Other           Tloc           ######..     1%          3    None
 Airstrike                Air            ######....   1%          4    None
 Fulminant Prism          Conj/Hex       ########..   1%          4    None
 Hailstorm                Conj/Ice       ########     1%          4    None
 Iskenderun's Mystic Bla  Conj/Tloc      ########     1%          4    None
 Leda's Liquefaction      Hex/Erth       ######....   1%          4    None
 Olgreb's Toxic Radiance  Pois           ######..     1%          4    None
 Petrify                  Tmut/Erth      ######..     1%          4    None
 Summon Ice Beast         Ice/Summ       ######..     1%          4    None
 Summon Lightning Spire   Summ/Air       ######..     1%          4    None
 Irradiate                Conj/Tmut      ########..   1%          5    None
 Iskenderun's Battlesphe  Conj/Chrm      ########     1%          5    None
 Lee's Rapid Deconstruct  Erth           #######...   1%          5    None
 Lightning Bolt           Conj/Air       ########..   1%          5    None
 Conjure Ball Lightning   Conj/Air       ########..   1%          6    None
 Freezing Cloud           Conj/Ice/Air   #######...   1%          6    None
 Orb of Destruction       Conj           ########..   1%          7    None
 Confusing Touch          Hex            #####...     2%          3    None
 Tukima's Dance           Hex            #####...     2%          3    None
 Vampiric Draining        Necr           #####.....   2%          3    None
 Aura of Abjuration       Summ           ######....   2%          5    None
 Borgnjor's Vile Clutch   Necr/Erth      ######....   2%          5    None
 Summon Demon             Summ           ######....   2%          5    None
 Ring of Flames           Chrm/Fire      #######...   2%          7    None
 Summon Forest            Summ/Tloc      ######....   3%          5    None
 Ice Form                 Ice/Tmut       #####...     4%          4    None
 Summon Mana Viper        Hex/Summ       ######..     8%          5    None
 Animate Dead             Necr           N/A          9%          4    None
 Cause Fear               Hex            #####.....   9%          4    None
 Dispel Undead            Necr           #####...     9%          4    None
 Alistair's Intoxication  Tmut/Pois      #####...     10%         5    None
 Silence                  Hex/Air        #####.....   10%         5    None
 Excruciating Wounds      Chrm/Necr      #####.....   12%         5    None
 Metabolic Englaciation   Hex/Ice        #####.....   13%         5    None
 Shadow Creatures         Summ           N/A          13%         6    None
 Statue Form              Tmut/Erth      ######...    13%         6    None
 Chain Lightning          Conj/Air       ########..   16%         8    ####...
 Agony                    Necr           #####...     24%         5    None
 Blade Hands              Tmut           #####.....   24%         5    None
 Yara's Violent Unravell  Hex/Tmut       #####.....   24%         5    None
 Dispersal                Tloc           ######....   34%         6    None
 Ozocubu's Refrigeration  Ice            ######....   38%         6    None
 Eringya's Noxious Bog    Tmut/Pois      #####.....   50%         6    None
 Monstrous Menagerie      Summ           ######....   56%         7    None
 Summon Greater Demon     Summ           ######....   56%         7    None
 Summon Hydra             Summ           ######....   56%         7    None
 Simulacrum               Ice/Necr       #####.....   58%         6    None
 Malign Gateway           Summ/Tloc      ######....   75%         7    None
 Darkness                 Hex            #####.....   78%         6    None
 Death Channel            Necr           #####.....   78%         6    None
 Hydra Form               Tmut           #####.....   78%         6    None
 Invisibility             Hex            #####...     78%         6    None
 Haunt                    Necr/Summ      ######....   92%         7    None
 Summon Horrible Things   Summ           ######....   99%         8    ####...
 Dragon Form              Tmut           #####.....   100%        7    None
 Controlled Blink         Tloc           N/A          100%        8    ####...
 Death's Door             Chrm/Necr      #####.....   100%        8    ####...
 Discord                  Hex            #####.....   100%        8    ####...
 Disjunction              Tloc           ######....   100%        8    ####...
 Infestation              Necr           #####.....   100%        8    ####...
 Necromutation            Tmut/Necr      #####.....   100%        8    ####...
 Absolute Zero            Ice            ######....   100%        9    #####..
 Dragon's Call            Summ           ######....   100%        9    #####..
 Shatter                  Erth           #######...   100%        9    #####..
 Tornado                  Air            ######....   100%        9    #####..
 Passage of Golubria      Tloc           Unusable     N/A         4    N/A

Dungeon Overview and Level Annotations

Branches:
Dungeon (15/15)            Temple (0/1) D:7            Lair (6/6) D:9
 Shoals (4/4) Lair:3        Snake (4/4) Lair:2        Slime (0/5) Lair:5
    Orc (2/2) D:9             Elf (3/3) Orc:2        Vaults (5/5) D:13
  Crypt (3/3) Vaults:2       Tomb (0/3) Crypt:3      Depths (5/5) D:15
    Zot (5/5) Depths:5

Altars:
Elyvilon
Fedhas
Gozag
Hepliaklqana
Kikubaaqudgha
Makhleb
Nemelex Xobeh
Okawaru
Qazlal
Ru
Sif Muna
Trog
Uskayaw
Vehumet
Yredelemnul
Beogh
Jiyva
Lugonu

Shops:
D:10 (   Orc:2 [?*}   Elf:1 =   Elf:3 }*(   Snake:4 }*   Vaults:5 %?%   Zot:5 *
Depths:2 [=   Depths:4 *   Depths:5 (

Portals:
Hell: Depths:1 Depths:2 Depths:3 Depths:4 Depths:5
Abyss: Depths:4 Depths:5
Pandemonium: Depths:3 Depths:4 Depths:5
Ziggurat: Depths:4
Trove: Vaults:3 (give 6 scrolls of fog)

Annotations:
D:14 1 runed translucent door, Wopp's ghost, journeyman GrEE
Elf:3 3 runed translucent doors, Peloso's ghost, adept GnFi


Innate Abilities, Weirdness & Mutations

You can breathe blasts of scalding, opaque steam.
Your pale cyan-grey scales are hard. (AC +13)
You cannot fit into any form of body armour.
You are cold-blooded and may be slowed by cold attacks.
You are weak. (Str -2)
You expend magic power (3 MP) to strengthen your wands.


Message History

Okay, then.
You feel yourself speed up.
Vimeosh blinks!
Unknown command.
The lich mumbles some strange words.
The lich seems to speed up.
There is an escape hatch in the ceiling here.
A mysterious force pulls you upwards. The hatch slams shut behind you.
(D) Dungeon (T) Temple (L) Lair (A) Shoals (P) Snake Pit (M) Slime Pits (O) Orcish Mines (E) Elven Halls (V) Vaults (C) Crypt (W) Tomb (U) Depths (H) Hell (Z) Zot
Where to? (Enter - D:1 @ (x,y), ? - help)
What level of the Dungeon? (default 1, ? - help)
There is an open door here.
There is a stone staircase leading up here.
You climb upwards.
There is a stone staircase leading down here.
You see here a +0 club.
There is a staircase leading out of the dungeon here.
You have escaped!

##...................# #.###
#..###############..# #.#..
#######..#.............#..# #.#.#
.........#.............#..# #.#.#
#####.#..#....?........#..# #.#.#
#.#..#######÷#######..###.#.#
###..#.............#...#....#
#..+⌠....###....⌠'.........
#..#......@......#........#
#######..#..⌠...>...⌠..#........#
.........###+#######'###.##..#.##
#######.....................##.##
#.........#####.....#.....#
########### #############


There were no monsters in sight!

Vanquished Creatures
  4 orbs of fire
  4 ancient liches
  Mennas (Vaults:3)
  2 curse toes
  Margery (Vaults:5)
  8 Killer Klowns
  Nikola (Shoals:4)
  6 golden dragons
  A bone dragon (Depths:5)
  3 electric golems
  2 liches
  Jorgrun (D:15)
  26 Orb Guardians
  18 tentacled monstrosities
  5 quicksilver dragons
  A deep elf blademaster (Elf:3)
  5 titans
  A deep elf master archer (Elf:3)
  5 sphinxes
  Polyphemus (Shoals:4)
  4 tengu reavers
  11 death cobs
  Frances (D:14)
  3 krakens
  3 ancient champions (Crypt:3)
  Gastronok (D:9)
  9 shadow dragons
  4 draconian monks
  A sphinx (shapeshifter) (Vaults:4)
  14 storm dragons
  Kirke (D:14)
  8 nagarajas (Snake:4)
  5 fire giants
  3 revenants
  A balrug (Zot:5)
  18 frost giants
  10 deep elf sorcerers
  Louise (D:15)
  2 ghost moths
  4 draconian knights
  6 draconian scorchers
  22 vault wardens
  6 draconian shifters
  2 curse skulls
  A ghoul (Crypt:3)
  A spriggan defender (Depths:5)
  2 reapers (Crypt:3)
  18 ironheart preservers
  5 deep elf elementalists
  2 war gargoyles (Vaults:5)
  6 draconian annihilators
  11 draconian stormcallers
  2 juggernaut zombies (Depths:4)
  An entropy weaver (Vaults:1)
  21 stone giants
  9 very ugly things
  9 deep elf demonologists
  10 purple draconians
  5 white draconians
  8 black draconians
  12 yellow draconians
  8 deep elf annihilators
  10 green draconians
  4 spark wasps (Depths:4)
  12 red draconians
  2 merfolk javelineers
  13 ettins
  A crystal guardian (Vaults:4)
  4 eidola
  12 fire dragons
  13 deep elf death magi
  4 great orbs of eyes
  15 yaktaur captains
  11 deep elf high priests
  12 merfolk impalers
  2 jiangshi (Vaults:2)
  15 naga warriors
  Harold (Orc:1)
  2 rakshasas
  Fannar (D:10)
  8 hydras
  40 vault guards
  8 ice dragons
  5 spriggan air magi
  6 centaur warriors
  An ice dragon (shapeshifter) (Depths:2)
  2 hell beasts
  3 catoblepae
  2 merfolk avatars
  13 anacondas
  52 two-headed ogres
  7 deep troll shamans
  24 ogre magi
  3 tengu warriors
  2 satyrs
  29 dancing weapons
  7 death knights
  6 merfolk aquamancers
  6 deep troll earth magi
  A queen ant (shapeshifter) (Vaults:5)
  A two-headed ogre (shapeshifter) (Vaults:1)
  13 death yaks
  4 vampire magi
  6 naga sharpshooters
  A sun demon (Depths:3)
  23 deep elf knights
  Urug (Lair:1)
  7 shock serpents
  6 spriggan berserkers
  A soul eater (Crypt:1)
  5 hell knights
  Sonja (Orc:1)
  4 shadow wraiths
  An iron troll (Depths:4)
  4 unseen horrors
  9 salamander mystics
  2 deep trolls (shapeshifter)
  10 skeletal warriors
  A gelid demonspawn (Depths:3)
  A glowing orange brain (shapeshifter) (Vaults:5)
  10 wizards
  17 sea snakes
  24 deep trolls
  5 flayed ghosts
  A swamp dragon (shapeshifter) (Vaults:5)
  2 shadow demons
  14 ironbrand convokers
  A shadow dragon zombie (Vaults:5)
  4 glowing orange brains
  10 naga ritualists
  A kraken simulacrum (Shoals:4)
  11 necromancers
  13 deep elf archers
  An anaconda skeleton (Crypt:3)
  5 lindwurms
  2 fire giant zombies (D:15)
  13 harpies
  2 mana vipers (shapeshifter)
  4 phantasmal warriors
  20 orc knights
  9 fauns
  43 ugly things
  19 mana vipers
  2 stone giant zombies
  67 deep elf magi
  5 wolf spiders
  14 salamanders
  4 orc sorcerers
  16 manticores
  6 cyclopes
  33 slime creatures
  27 moths of wrath
  A manticore (shapeshifter) (Vaults:5)
  An elephant (shapeshifter) (Depths:4)
  6 guardian serpents
  A human skeleton (Vaults:5)
  10 merfolk sirens
  20 elephants
  A cyclops (shapeshifter) (Vaults:3)
  35 black mambas
  2 torpor snails (Lair:6)
  2 fire giant skeletons
  Maurice (Orc:1)
  3 water nymphs
  A guardian serpent (shapeshifter) (Elf:2)
  27 naga magi
  12 vault sentinels
  A smoke demon (D:13)
  A gargoyle (D:12)
  4 spiny frogs
  5 centaur skeletons
  4 rime drakes
  2 hellions
  A red draconian zombie (Crypt:3)
  A nameless horror (Elf:3)
  44 yaktaurs
  A white draconian zombie (Crypt:1)
  2 kobold demonologists (D:11)
  8 freezing wraiths
  An efreet (Zot:1)
  12 komodo dragons
  A white draconian skeleton (Crypt:3)
  3 red devils
  3 hellwings (D:13)
  A guardian mummy (D:15)
  2 tengu conjurers (Depths:2)
  7 trolls
  A spriggan skeleton (D:15)
  A troll (shapeshifter) (Vaults:3)
  3 meliai (D:14)
  A meliai (shapeshifter) (Depths:4)
  29 merfolk
  An elf skeleton (Depths:4)
  A harpy zombie (Crypt:2)
  A wind drake (shapeshifter) (Elf:3)
  4 wind drakes
  10 polar bears
  8 hornets
  A jumping spider (shapeshifter) (Vaults:3)
  10 blink frogs
  3 raiju (Lair:6)
  11 dream sheep
  7 snapping turtles
  10 hippogriffs
  A snapping turtle (shapeshifter) (Vaults:1)
  A shadow (Crypt:2)
  4 air elementals
  6 flying skulls
  4 redbacks (Vaults:1)
  A redback (shapeshifter) (D:14)
  15 water elementals
  5 wraiths
  32 yaks
  6 spriggans
  6 wyverns
  A satyr skeleton (Crypt:2)
  3 vampires (Crypt:1)
  An alligator skeleton (Crypt:1)
  5 fire elementals
  A chaos spawn (Depths:3)
  18 humans (D:13)
  3 fire bats (Depths:4)
  A steam dragon (shapeshifter) (Vaults:2)
  2 basilisks
  Grum (D:10)
  3 hungry ghosts
  A basilisk (shapeshifter) (Vaults:4)
  A neqoxec (Depths:3)
  A steam dragon (D:12)
  A yaktaur simulacrum (Vaults:3)
  10 vampire mosquitoes
  51 nagas
  10 wargs
  2 acid dragons
  A torturous demonspawn zombie (Crypt:2)
  14 water moccasins
  A floating eye (Depths:2)
  14 hell hounds
  37 orc warriors
  6 porcupines
  A torturous demonspawn skeleton (Crypt:3)
  3 sky beasts
  11 ice beasts
  10 black bears (Lair:6)
  A snapping turtle zombie (Crypt:1)
  A phantom (D:4)
  9 boggarts
  A necrophage (D:7)
  11 centaurs
  74 ogres
  27 wolves
  A centaur (shapeshifter) (Depths:5)
  13 crocodiles
  A yaktaur zombie (Crypt:1)
  3 big kobolds
  12 bullfrogs
  2 earth elementals
  3 wyvern skeletons
  2 scorpions
  A water moccasin skeleton (D:8)
  7 killer bees
  23 wights
  A polar bear skeleton (Crypt:1)
  A troll skeleton (Crypt:2)
  4 electric eels
  4 howler monkeys
  A lava snake (Lair:5)
  9 crimson imps
  A centaur zombie (D:9)
  22 orc priests
  7 hounds
  6 jellies
  2 bullfrog zombies
  A human zombie (Crypt:1)
  44 orc wizards
  2 quasits (Depths:3)
  2 bullfrog skeletons
  9 iron imps
  3 iguanas
  8 worker ants
  A killer bee zombie (D:8)
  A crocodile zombie (Crypt:3)
  A big kobold skeleton (Crypt:1)
  A hound zombie (D:4)
  2 hound skeletons
  2 howler monkey zombies (D:4)
  3 worker ant zombies
  6 gnolls
  10 adders
  5 shadow imps
  A white imp (Depths:3)
  2 ufetubi
  2 oozes (D:1)
  3 adder zombies
  2 iguana zombies
  3 adder skeletons
  6 worms
  A dart slug (D:1)
  9 leopard geckos
  120 orcs
  6 bats
  6 giant cockroaches
  9 goblins
  5 hobgoblins
  13 jackals
  18 kobolds
  5 quokkas
  A dart slug zombie (Crypt:2)
  4 frilled lizards
  A hobgoblin zombie (Crypt:3)
  2 jackal skeletons
  2 jackal zombies
  2 leopard gecko skeletons
  4 leopard gecko zombies
  A quokka skeleton (Crypt:1)
  2 quokka zombies
  10 rats
  A rat zombie (Crypt:1)
  A block of ice (Vaults:3)
  4 bushes (Lair:5)
  5 crawling corpses (Elf:3)
  11 fungi
  12 plants
  3 tentacles (Shoals:3)
  2 withered plants (D:15)
2486 creatures vanquished.

Vanquished Creatures (collateral kills)
  An ancient lich (Crypt:3)
  A Killer Klown (Zot:5)
  A curse toe (Zot:2)
  4 golden dragons
  A bone dragon (Depths:5)
  6 tentacled monstrosities
  A deep elf blademaster (Elf:3)
  An Orb Guardian (Zot:5)
  A deep elf master archer (Elf:3)
  3 death cobs
  3 storm dragons
  2 draconian monks
  3 draconian knights
  A deep elf sorcerer (Elf:3)
  A warmonger (Depths:5)
  A juggernaut zombie (Crypt:3)
  A black draconian (Depths:5)
  2 white draconians (Zot:2)
  A green death (D:15)
  A deep troll earth mage (Depths:5)
  A sun demon (Zot:5)
  An iron troll (Depths:4)
  3 hell knights
  An ugly thing (Depths:4)
  A flying skull (Crypt:3)
  A yak (D:9)
  A neqoxec (D:15)
  5 hell hounds
  A black bear (Lair:6)
  4 ogres
  A nameless horror (Zot:3)
  A water moccasin zombie (D:5)
  A crimson imp (Depths:5)
  A centaur zombie (D:4)
  A bullfrog zombie (D:7)
  A worker ant (D:5)
  An orc wizard (D:4)
  A gnoll (D:2)
  2 adders
  An adder skeleton (D:9)
  2 worms
  A leopard gecko (D:2)
  An orc (D:5)
  2 jackals (D:5)
  A frilled lizard (D:2)
73 creatures vanquished.

Vanquished Creatures (others)
  A purple draconian (Zot:1)
  A necromancer (Vaults:5)
  A centaur zombie (D:13)
  A centaur skeleton (D:13)
  An orc (D:13)
  A block of ice (Shoals:4)
  A bush (Lair:5)
  52 fire vortices
  24 fungi
  30 plants
  12 tentacles
  2 withered plants (D:15)
127 creatures vanquished.

Grand Total: 2686 creatures vanquished

Notes
Turn   | Place    | Note
-------+----------+-------------------------------------------
     0 | D:1      | Bodigarde the Draconian Wizard began the quest for the Orb.
     0 | D:1      | Reached XP level 1. HP: 14/14 MP: 4/4
     2 | D:1      | Found a runed translucent door.
   579 | D:1      | Reached XP level 2. HP: 20/20 MP: 3/6
   643 | D:1      | Learned a level 2 spell: Call Imp
   646 | D:1      | Learned a level 2 spell: Blink
  1459 | D:2      | Reached XP level 3. HP: 26/26 MP: 5/8
  1522 | D:2      | Learned a level 3 spell: Mephitic Cloud
  1972 | D:2      | Found an iron altar of Okawaru.
  2270 | D:2      | Reached XP level 4. HP: 33/33 MP: 4/9
  2400 | D:2      | Noticed a +0 hand axe
  2402 | D:2      | Noticed a +0 hand axe
  2410 | D:2      | Found a hide-covered altar of Uskayaw.
  3703 | D:2      | Found a hide-covered altar of Uskayaw.
  3777 | D:2      | Reached skill level 1 in Air Magic
  3909 | D:2      | Found an iron altar of Okawaru.
  3959 | D:2      | Reached XP level 5. HP: 38/38 MP: 2/10
  4528 | D:2      | Learned a level 3 spell: Conjure Flame
  4687 | D:3      | Found a sacrificial altar of Ru.
  4700 | D:3      | Found a bloodstained altar of Trog.
  4885 | D:3      | Found a faded altar of an unknown god.
  5042 | D:3      | Found a white marble altar of Elyvilon.
  5242 | D:3      | Found a shimmering blue altar of Sif Muna.
  5459 | D:3      | Found a hazy altar of Hepliaklqana.
  5746 | D:4      | Reached skill level 1 in Poison Magic
  6142 | D:4      | Noticed an ogre
  6236 | D:4      | Killed an ogre
  6236 | D:4      | Reached XP level 6. HP: 45/45 MP: 3/12
  7369 | D:4      | Your scales start taking on a pale cyan-grey colour.
  7369 | D:4      | Reached XP level 7. HP: 50/50 MP: 1/13
  7599 | D:5      | Entered Level 5 of the Dungeon
  8080 | D:5      | Reached skill level 1 in Fighting
  8557 | D:5      | Reached skill level 1 in Fire Magic
  8677 | D:3      | Became a worshipper of Sif Muna the Loreminder
  8844 | D:5      | Reached skill level 1 in Polearms
  9103 | D:5      | Found a sparkling altar of Nemelex Xobeh.
  9134 | D:5      | Reached XP level 8. HP: 59/59 MP: 8/15
  9238 | D:5      | Reached skill level 2 in Fire Magic
  9436 | D:5      | Found a stormy altar of Qazlal.
  9905 | D:5      | Noticed a rust devil
  9905 | D:5      | Noticed a rust devil
 10248 | D:6      | Learned a level 4 spell: Sticky Flame
 10280 | D:6      | Reached skill level 5 in Spellcasting
 10319 | D:6      | Reached skill level 5 in Conjurations
 11337 | D:7      | Found an ancient bone altar of Kikubaaqudgha.
 11427 | D:7      | Reached * piety under Sif Muna
 11608 | D:7      | Reached skill level 3 in Fire Magic
 11610 | D:7      | Reached XP level 9. HP: 51/67 MP: 9/17
 11870 | D:7      | Learned a level 5 spell: Fireball
 12097 | D:7      | Found a staircase to the Ecumenical Temple.
 12370 | D:7      | Found an opulent altar of Gozag.
 13140 | D:8      | Reached ** piety under Sif Muna
 13370 | D:8      | Found a basalt altar of Yredelemnul.
 13495 | D:8      | Noticed a two-headed ogre
 13504 | D:8      | Killed a two-headed ogre
 13504 | D:8      | Reached skill level 4 in Fire Magic
 14150 | D:9      | Reached XP level 10. HP: 74/74 MP: 14/20
 14310 | D:9      | Found a bloodstained altar of Trog.
 14781 | D:9      | Reached skill level 5 in Fire Magic
 15048 | D:9      | Found a staircase to the Lair.
 15344 | D:9      | Noticed Gastronok
 15433 | Lair:1   | Entered Level 1 of the Lair of Beasts
 15544 | Lair:1   | Reached skill level 6 in Fire Magic
 15555 | Lair:1   | Noticed a spiny frog
 15714 | Lair:1   | Killed a spiny frog
 15768 | Lair:1   | Reached *** piety under Sif Muna
 15929 | Lair:1   | Reached XP level 11. HP: 80/80 MP: 3/23
 15929 | Lair:1   | Reached skill level 7 in Fire Magic
 16056 | Lair:1   | Reached skill level 10 in Conjurations
 16157 | Lair:1   | Noticed a seven-headed hydra
 16207 | Lair:1   | Noticed a six-headed hydra
 16220 | Lair:1   | Killed a six-headed hydra
 16396 | Lair:1   | Noticed Urug
 16398 | Lair:1   | Paralysed by Urug for 5 turns
 16418 | Lair:1   | Killed Urug
 16521 | Lair:1   | Reached skill level 8 in Fire Magic
 16865 | Lair:1   | Killed a seven-headed hydra
 17671 | D:9      | Killed Gastronok
 17671 | D:9      | Reached skill level 9 in Fire Magic
 17762 | D:9      | Found a staircase to the Orcish Mines.
 17769 | D:9      | Reached skill level 1 in Evocations
 17769 | D:9      | Reached **** piety under Sif Muna
 17770 | D:9      | Found a roughly hewn altar of Beogh.
 17927 | D:9      | Reached XP level 12. HP: 73/89 MP: 2/25
 18633 | Lair:2   | Found a staircase to the Snake Pit.
 19194 | Lair:3   | Found a staircase to the Shoals.
 19546 | Lair:3   | Reached skill level 1 in Invocations
 21372 | Lair:5   | Noticed a death yak
 21372 | Lair:5   | Noticed a death yak
 21372 | Lair:5   | Noticed a death yak
 21372 | Lair:5   | Noticed a death yak
 21373 | Lair:5   | Noticed a death yak
 21780 | Lair:5   | Found a frozen archway.
 21847 | Lair:4   | Reached skill level 10 in Fire Magic
 22087 | Lair:5   | Noticed an eight-headed hydra
 22152 | Lair:5   | Noticed a death yak
 22238 | Lair:4   | Killed a death yak
 22238 | Lair:4   | Reached skill level 1 in Shields
 22898 | Lair:5   | Killed an eight-headed hydra
 22898 | Lair:5   | Reached skill level 10 in Spellcasting
 23246 | Lair:5   | Reached XP level 13. HP: 69/95 MP: 1/27
 23978 | Lair:5   | Found a staircase to the Slime Pits.
 23978 | Lair:5   | Found a viscous altar of Jiyva.
 24407 | Lair:5   | Reached skill level 11 in Fire Magic
 24856 | Lair:6   | Entered Level 6 of the Lair of Beasts
 24916 | Lair:6   | Reached ***** piety under Sif Muna
 25268 | Lair:6   | Reached skill level 5 in Invocations
 25572 | Lair:6   | Reached skill level 1 in Throwing
 25716 | Lair:6   | Received a gift from Sif Muna
 26634 | Lair:6   | Reached skill level 5 in Dodging
 27134 | Lair:6   | Reached XP level 14. HP: 103/103 MP: 9/28
 28252 | Lair:6   | Learned a level 3 spell: Frozen Ramparts
 28256 | Lair:6   | Learned a level 3 spell: Ozocubu's Armour
 29126 | Lair:6   | Reached skill level 5 in Polearms
 29304 | Lair:6   | Identified Sif Muna's Guide on Fire and Transmigration (Sif
                  | Muna gifted it to you on level 6 of the Lair of Beasts)
 29304 | Lair:6   | Received a gift from Sif Muna
 29327 | Lair:6   | Learned a level 6 spell: Starburst
 29378 | Lair:6   | Reached skill level 12 in Fire Magic
 30022 | Orc:1    | Entered Level 1 of the Orcish Mines
 30217 | Orc:1    | Noticed Harold
 30226 | Orc:1    | Killed Harold
 30226 | Orc:1    | Reached skill level 1 in Ice Magic
 30495 | Orc:1    | Noticed Sonja
 30500 | Orc:1    | Killed Sonja
 30593 | Orc:1    | Found a roughly hewn altar of Beogh.
 30734 | Orc:2    | Entered Level 2 of the Orcish Mines
 31434 | Orc:2    | Identified Sif Muna's Grimoire of Bewitchment and Combat
                  | Magic (Sif Muna gifted it to you on level 2 of the Orcish
                  | Mines)
 31434 | Orc:2    | Received a gift from Sif Muna
 32460 | Orc:2    | Reached skill level 1 in Staves
 32916 | Orc:2    | Found a staircase to the Elven Halls.
 32994 | Orc:2    | Found Qienwece's Antique Armour Emporium.
 32994 | Orc:2    | Found Keoqemer's Magic Scroll Shop.
 32995 | Orc:2    | Found Hofomnot's Assorted Antiques.
 32995 | Orc:2    | Found Taddam's Gadget Shoppe.
 33005 | Orc:2    | Bought a scroll of acquirement for 520 gold pieces
 33006 | Orc:2    | Got the ring "Voos" {rElec rN+ Str-5 Dex+6 Stlth+}
 33281 | Orc:1    | Noticed Maurice
 33285 | Orc:1    | Killed Maurice
 33398 | Orc:1    | Found a roughly hewn altar of Beogh.
 33545 | D:10     | Entered Level 10 of the Dungeon
 33553 | D:10     | Found Cuesafa's Antique Weapon Boutique.
 33609 | D:10     | Found a radiant altar of Vehumet.
 33619 | D:10     | Noticed Fannar
 33625 | D:10     | Killed Fannar
 33942 | D:8      | Learned a level 5 spell: Iskenderun's Battlesphere
 34505 | D:10     | Noticed Grum
 34507 | D:10     | Killed Grum
 34991 | D:11     | Reached XP level 15. HP: 111/111 MP: 15/30
 35001 | D:11     | Identified Sif Muna's Guide on Displaced Shape Shifting
                  | (Sif Muna gifted it to you on level 11 of the Dungeon)
 35001 | D:11     | Received a gift from Sif Muna
 37123 | D:12     | Received a gift from Sif Muna
 37942 | D:13     | Reached skill level 13 in Fire Magic
 39012 | D:13     | Reached skill level 5 in Fighting
 39777 | D:13     | Found a gate to the Vaults.
 39836 | D:13     | Identified the +3 kite shield of Gluttony {Dex+4} (You
                  | found it on level 13 of the Dungeon)
 40254 | D:14     | Noticed Frances
 40261 | D:14     | Killed Frances
 41171 | D:14     | Found a hide-covered altar of Uskayaw.
 41171 | D:14     | Noticed Kirke
 41177 | D:14     | Killed Kirke
 41268 | D:14     | Found a runed translucent door.
 41271 | D:14     | Noticed Wopp's ghost (journeyman GrEE)
 41520 | D:15     | Entered Level 15 of the Dungeon
 41532 | D:15     | Noticed Louise
 42234 | Snake:1  | Entered Level 1 of the Snake Pit
 42329 | Lair:2   | HP: 3/113 [salamander/+0 glaive (7)]
 42704 | Lair:2   | Found a staircase to the Snake Pit.
 43470 | Lair:2   | Learned a level 6 spell: Iron Shot
 43844 | Snake:1  | Reached skill level 1 in Earth Magic
 44264 | Snake:1  | Reached skill level 14 in Fire Magic
 44454 | Snake:1  | Reached XP level 16. HP: 114/119 MP: 17/32
 44862 | Snake:1  | Identified Guehiazukk's Reference Book on Supportive Snow
                  | (Sif Muna gifted it to you on level 1 of the Snake Pit)
 44862 | Snake:1  | Received a gift from Sif Muna
 45404 | Snake:1  | Reached skill level 15 in Conjurations
 46402 | Snake:2  | You fall into a shaft and drop 1 floor!
 47677 | Snake:2  | Reached skill level 1 in Charms
 49999 | Snake:4  | Entered Level 4 of the Snake Pit
 50865 | Snake:4  | Reached skill level 5 in Earth Magic
 51143 | Snake:4  | Found Xeem's General Store.
 51143 | Snake:4  | Found Ideunasi's Gadget Emporium.
 51151 | Snake:4  | Bought a scroll of acquirement for 728 gold pieces
 51197 | Snake:4  | Reached skill level 10 in Invocations
 51675 | Snake:4  | Reached skill level 5 in Stealth
 52901 | Snake:4  | Reached XP level 17. HP: 126/126 MP: 17/33
 53164 | Snake:4  | Identified Sif Muna's Guide on Unholy Rites (Sif Muna
                  | gifted it to you on level 4 of the Snake Pit)
 53164 | Snake:4  | Received a gift from Sif Muna
 53948 | Snake:4  | Reached skill level 5 in Shields
 55047 | Snake:4  | Reached skill level 15 in Fire Magic
 56263 | Snake:4  | Got a serpentine rune of Zot
 56830 | D:15     | Killed Louise
 57417 | D:15     | Received a gift from Sif Muna
 57463 | D:15     | Found a staircase to the Depths.
 57515 | D:15     | Noticed Jorgrun
 57722 | D:15     | Killed Jorgrun
 58329 | D:15     | Found a blossoming altar of Fedhas.
 58347 | D:15     | Found a blossoming altar of Fedhas.
 59006 | Shoals:1 | Entered Level 1 of the Shoals
 59809 | Shoals:1 | Reached XP level 18. HP: 122/133 MP: 24/35
 62351 | Shoals:2 | Upgraded the game from 0.25.0-26-g0c896c7088 to
                  | 0.25.0-33-gff14898491
 62366 | Shoals:3 | Identified Sif Muna's Compendium of Changing and Stones
                  | (Sif Muna gifted it to you on level 3 of the Shoals)
 62366 | Shoals:3 | Received a gift from Sif Muna
 62933 | Shoals:3 | Reached skill level 16 in Fire Magic
 64666 | Shoals:4 | Entered Level 4 of the Shoals
 64666 | Shoals:4 | Noticed Polyphemus
 65137 | Shoals:4 | Killed Polyphemus
 65867 | Shoals:4 | Noticed Nikola
 65873 | Shoals:4 | Killed Nikola
 67496 | Shoals:4 | Reached XP level 19. HP: 99/139 MP: 1/37
 67650 | Shoals:4 | Got a barnacled rune of Zot
 67832 | Shoals:4 | Got a heavily runed amber ring
 67833 | Shoals:4 | Identified the ring of Doubt {*Slow rPois rCorr Str+8
                  | Int-3} (You found it on level 4 of the Shoals)
 68265 | Vaults:1 | Entered Level 1 of the Vaults
 68578 | Vaults:1 | Reached skill level 17 in Fire Magic
 69165 | Vaults:1 | Reached skill level 15 in Spellcasting
 69482 | Vaults:1 | Identified Sif Muna's Catalogue of Battle Magic and Heat
                  | (Sif Muna gifted it to you on level 1 of the Vaults)
 69482 | Vaults:1 | Received a gift from Sif Muna
 73294 | Vaults:1 | Identified Sif Muna's Papyrus of Lightness (Sif Muna gifted
                  | it to you on level 1 of the Vaults)
 73294 | Vaults:1 | Received a gift from Sif Muna
 74487 | Vaults:2 | Reached skill level 18 in Fire Magic
 75088 | Vaults:2 | Found a staircase to the Crypt.
 75144 | Vaults:2 | Reached XP level 20. HP: 130/147 MP: 16/39
 76383 | Vaults:3 | Found a portal to a secret trove of treasure.
 76549 | Vaults:3 | Noticed Mennas
 76550 | Vaults:3 | Killed Mennas
 78453 | Vaults:3 | Received a gift from Sif Muna
 78468 | Vaults:3 | Learned a level 8 spell: Ignition
 79821 | Vaults:3 | Learned a level 9 spell: Fire Storm
 79869 | Vaults:4 | Reached XP level 21. HP: 154/154 MP: 31/42
 79985 | Vaults:4 | Reached skill level 19 in Fire Magic
 80403 | Vaults:4 | Identified Sif Muna's Grimoire of Combat Magic (Sif Muna
                  | gifted it to you on level 4 of the Vaults)
 80403 | Vaults:4 | Received a gift from Sif Muna
 82683 | Vaults:4 | Identified Fafuewex's Volume of Supportive Battle Magic
                  | (Sif Muna gifted it to you on level 4 of the Vaults)
 82683 | Vaults:4 | Received a gift from Sif Muna
 83372 | Depths:1 | Entered Level 1 of the Depths
 84561 | Depths:1 | Found a gateway to Hell.
 87047 | Depths:2 | Found Leidghoa's Jewellery Shop.
 87156 | Depths:2 | Bought an uncursed amulet of magic regeneration for 600
                  | gold pieces
 87156 | Depths:2 | Bought the ring "Haneon" {MR+++ AC+4 Str-5 Dex+8 Stlth-}
                  | for 1182 gold pieces
 89546 | Depths:2 | Found a burning altar of Makhleb.
 89585 | Depths:2 | Found Sullutze's Antique Armour Boutique.
 89593 | Depths:2 | Bought the -2 hat of the Alchemist {rElec rPois rF+ rC+ rN+
                  | MR+ rMut rCorr} for 1132 gold pieces
 89593 | Depths:2 | Found the -2 hat of the Alchemist {rElec rPois rF+ rC+ rN+
                  | MR+ rMut rCorr}
 89604 | Depths:2 | Bought a pair of runed gloves for 180 gold pieces
 89744 | Depths:2 | Reached XP level 22. HP: 162/162 MP: 29/44
 90175 | Depths:3 | Reached skill level 20 in Fire Magic
 90375 | Depths:3 | Found a one-way gate leading to the halls of Pandemonium.
 90440 | Depths:3 | Identified Sif Muna's Volume of Toxic Evil (Sif Muna gifted
                  | it to you on level 3 of the Depths)
 90440 | Depths:3 | Received a gift from Sif Muna
 91287 | Depths:4 | Found Loikhapt's Assorted Antiques.
 91537 | Depths:4 | Found a gateway to a ziggurat.
 91620 | Depths:4 | Noticed a golden dragon
 91998 | Depths:4 | Found a one-way gate to the infinite horrors of the Abyss.
 92558 | Depths:3 | Learned a level 7 spell: Spellforged Servitor
 92765 | Depths:4 | Noticed a golden dragon
 92772 | Depths:4 | Killed a golden dragon
 93039 | D:13     | Learned a level 8 spell: Lehudib's Crystal Spear
 93277 | Depths:4 | Killed a golden dragon
 93277 | Depths:4 | Identified Sif Muna's Volume of the Entourage (Sif Muna
                  | gifted it to you on level 4 of the Depths)
 93277 | Depths:4 | Received a gift from Sif Muna
 93923 | Depths:5 | Entered Level 5 of the Depths
 94460 | Depths:5 | Found Qois's Weapon Emporium.
 95505 | Depths:5 | Found a gate to the Realm of Zot.
 95714 | Depths:5 | Reached XP level 23. HP: 169/169 MP: 31/46
 95969 | Depths:5 | Reached skill level 21 in Fire Magic
 96607 | Elf:1    | Entered Level 1 of the Elven Halls
 96841 | Elf:1    | Found Wacoixt's Jewellery Boutique.
 97478 | Elf:2    | Got a sparkling copper ring
 97483 | Elf:2    | Identified the ring of Boewkyxu {Fire Dex+2 Slay+2} (You
                  | found it on level 2 of the Elven Halls)
 97610 | Elf:2    | Identified Sif Muna's Disquisition on Evil and Fire (Sif
                  | Muna gifted it to you on level 2 of the Elven Halls)
 97610 | Elf:2    | Received a gift from Sif Muna
 98059 | Elf:2    | Found a runed translucent gate.
 98059 | Elf:2    | Found a runed translucent gate.
 98059 | Elf:2    | Found a runed translucent gate.
 98716 | Elf:3    | Entered Level 3 of the Elven Halls
 98716 | Elf:3    | Found Bexuef's Antique Weapon Boutique.
 99334 | Elf:3    | Found Rucyufek's Gadget Boutique.
 99733 | Elf:3    | Found Aturghoa's General Store.
 99733 | Elf:3    | Found a runed translucent gate.
 99734 | Elf:3    | Found a runed translucent gate.
 99735 | Elf:3    | Found a runed translucent gate.
 99777 | Elf:3    | Noticed Peloso's ghost (adept GnFi)
 99855 | Elf:3    | Identified Sif Muna's Compendium of Gliding Confrontation
                  | (Sif Muna gifted it to you on level 3 of the Elven Halls)
 99855 | Elf:3    | Received a gift from Sif Muna
100667 | Elf:3    | Identified the +7 hand axe "Igaxkomm" {flame, Str+5}
101219 | Elf:3    | Identified the Guide on Freezing Bewitchment
101229 | Elf:3    | Identified the Papyrus of Virous Conjuration
101231 | Elf:3    | Identified Sif Muna's Grimoire of Contamination
101233 | Elf:3    | Identified the Volume of the Mountains and Flight
101265 | Elf:3    | Identified Akisoucs's Papyrus of Frigorific Aid
101309 | Elf:3    | Identified Ewe Evadoni's Volume of Glacial Translocation
101820 | Vaults:5 | Entered Level 5 of the Vaults
101820 | Vaults:5 | Noticed Margery
101821 | Vaults:5 | Reached XP level 24. HP: 177/177 MP: 39/47
101828 | Vaults:4 | Received a gift from Sif Muna
101828 | Vaults:4 | Reached skill level 22 in Fire Magic
102086 | Vaults:5 | Noticed an ancient lich
102199 | Vaults:5 | Killed Margery
102202 | Vaults:4 | Killed an ancient lich
103425 | Vaults:5 | Identified the +10 falchion of Lagh {vorpal, +Rage Dex+4}
103814 | Vaults:5 | Found Atiemy's Food Shoppe.
103920 | Vaults:5 | Identified the +8 bardiche "Vegurol" {pain, rC+ rN+ Int-3}
104089 | Vaults:5 | Found Rostahua's Food Emporium.
104248 | Vaults:5 | Identified Sif Muna's Tome of Ashen Black Secrets (Sif Muna
                  | gifted it to you on level 5 of the Vaults)
104248 | Vaults:5 | Received a gift from Sif Muna
104602 | Vaults:5 | Identified the +1 robe "God Paet" {rF+}
104717 | Vaults:5 | Identified the +8 hand crossbow "Fuaphost" {flame, rN++}
104828 | Vaults:5 | Reached XP level 25. HP: 184/184 MP: 19/48
104976 | Vaults:5 | Found Fureoh's Magic Scroll Boutique.
105014 | Vaults:5 | Identified the +3 war axe "Jemmemow" {drain, rN+ SInv
                  | Stlth-}
105094 | Vaults:5 | Reached skill level 23 in Fire Magic
105491 | Vaults:5 | Got a silver rune of Zot
105992 | Crypt:1  | Entered Level 1 of the Crypt
106509 | Crypt:1  | You fall into a shaft and drop 1 floor!
106919 | Crypt:2  | Found a basalt altar of Yredelemnul.
107148 | Crypt:1  | Found a basalt altar of Yredelemnul.
108067 | Crypt:3  | Entered Level 3 of the Crypt
108067 | Crypt:3  | Found a staircase to the Tomb.
108083 | Crypt:3  | Identified Sif Muna's Handbook of Dislocated Shape Shifting
                  | (Sif Muna gifted it to you on level 3 of the Crypt)
108083 | Crypt:3  | Received a gift from Sif Muna
108196 | Crypt:3  | Learned a level 1 spell: Apportation
108312 | Crypt:3  | Found a corrupted altar of Lugonu.
108583 | Crypt:3  | Identified the ring "Nazaosamm" {rPois rF+ rN+ Str+2}
108934 | Crypt:3  | Identified the amulet "Gaqeesay" {Regen+ Dex+4}
109576 | Crypt:3  | Noticed an ancient lich
109576 | Crypt:3  | Noticed an ancient lich
109576 | Crypt:3  | Noticed an ancient lich
109583 | Crypt:3  | Killed an ancient lich
109702 | Crypt:3  | Killed an ancient lich
109703 | Crypt:3  | Killed an ancient lich
109706 | Crypt:3  | Got a clouded silver ring
109708 | Crypt:3  | Identified the Compendium of Black Rites
109718 | Crypt:3  | Identified the ring of Inesk {rN+ Str+5 Int-4} (You found
                  | it on level 3 of the Crypt)
110147 | Zot:1    | Entered Level 1 of the Realm of Zot
111073 | Zot:1    | Noticed an orb of fire
111271 | Zot:1    | Killed an orb of fire
113588 | Zot:2    | Reached XP level 26. HP: 190/195 MP: 30/49
114150 | Zot:2    | Identified Sif Muna's Tome of Dislocated Augmentations (Sif
                  | Muna gifted it to you on level 2 of the Realm of Zot)
114150 | Zot:2    | Received a gift from Sif Muna
114363 | Zot:2    | Noticed an orb of fire
114376 | Zot:2    | Killed an orb of fire
114377 | Zot:2    | Gained mutation: You expend magic power (3 MP) to
                  | strengthen your wands. [mutagenic glow]
115285 | Zot:2    | Reached skill level 24 in Fire Magic
115858 | Zot:2    | Reached skill level 10 in Fighting
117390 | Zot:3    | Reached skill level 5 in Summonings
118493 | Zot:4    | Identified Sif Muna's Papyrus of Harmful Companions (Sif
                  | Muna gifted it to you on level 4 of the Realm of Zot)
118493 | Zot:4    | Received a gift from Sif Muna
118795 | Zot:4    | Reached XP level 27. HP: 213/213 MP: 35/49
119506 | Zot:5    | Entered Level 5 of the Realm of Zot
119565 | Zot:5    | Reached skill level 10 in Earth Magic
119854 | Zot:5    | Found Ockuola's Changing Room.
120961 | Zot:5    | Noticed an ancient lich
120965 | Zot:5    | Killed an ancient lich
121157 | Zot:5    | Noticed an orb of fire
121223 | Zot:5    | Gained mutation: You are weak. (Str -2) [an orb of fire]
121225 | Zot:5    | Killed an orb of fire
122168 | Zot:5    | Noticed an orb of fire
122174 | Zot:5    | Killed an orb of fire
122873 | Zot:5    | Reached skill level 25 in Fire Magic
123232 | Zot:5    | Found Ockuola's Changing Room.
123752 | Zot:5    | Got the Orb of Zot
123810 | Zot:4    | Noticed Nos Apicedgh the pandemonium lord
124434 | D:3      | Noticed Vimeosh the pandemonium lord
124462 | D:$      | Escaped with the Orb!

Illustrated notes

Levels and vault maps discovered:
D:1:      dpeg_arrival_caged_fury, layout_basic
D:2:      minmay_alternating_diamond, layout_basic, dancing_weapons_uskayaw,
          kennysheep_okawaru_gauntlet
D:3:      layout_loops_ring, lemuel_doored_altar,
          nicolae_overflow_quartered_altars, chequers_ecumenical_altar_island,
          grunt_decor_resistance, hangedman_decor_growths
D:4:      layout_loops_ring, serial_undead, serial_undead_f, serial_undead_d,
          serial_undead_f, serial_undead_a
D:5:      cheibrodos_iron_armory, layout_basic, kennysheep_mini_moat,
          nicolae_qazlal_eye_of_the_storm, first_ration
D:6:      layout_basic
D:7:      layout_basic, marbit_many_paths, nicolae_overflow_hidden_temple,
          minmay_temple_entry_mist, hangedman_decor_opposing
D:8:      layout_cave_pods, lemuel_round_altar
D:9:      layout_rooms, erik_lair_dragon, minmay_orc_entry_temple_small,
          basic_altar, grunt_pizzeria, uniq_gastronok
D:10:     layout_loops_corners, serial_shops, nicolae_shop_stone, serial_rivers,
          chequers_serial_rivers_small_3, chequers_serial_rivers_micro_a,
          chequers_serial_rivers_micro_e, chequers_serial_rivers_small_a,
          basic_altar, billiards_dpeg, uniq_fannar, uniq_grum
D:11:     layout_roguey, lemuel_another_geyser
D:12:     layout_basic
D:13:     layout_irregular_city, grunt_vaults_entry_tiered,
          lemuel_flamethrower_hall
D:14:     layout_basic, hellmonk_ghost_happy_afterlife, basic_altar,
          kennysheep_generic_room_14, uniq_kirke, uniq_frances
D:15:     gammafunk_depths_entry_grave, layout_cross, fedhas_altar_1,
          serial_shops, bzr_entry_lakeside, basic_altar, uniq_louise,
          uniq_jorgrun
Lair:1:   layout_concentric_octagons, uniq_urug
Lair:2:   layout_cave_pods, guppyfry_snake_entry_island
Lair:3:   layout_regular_city, elwin_shoals_entry_rocks,
          infiniplex_staircase_pool_2
Lair:4:   layout_long_grid
Lair:5:   layout_gridlike, slime_altar_1, portal_ice_cave_entry_ice_beasts,
          grunt_forest_large_clearing_hut
Lair:6:   hangedman_lair_in_review, layout_big_grid,
          hangedman_lair_caniforms_friends
Shoals:1: layout_shoals
Shoals:2: layout_shoals, nicolae_shoals_so_close
Shoals:3: cheibrodos_shoals_three_sisters, layout_shoals,
          nicolae_shoals_kraken_intersection
Shoals:4: shoals_end_grunt_ice, layout_shoals, uniq_polyphemus, uniq_nikola
Snake:1:  layout_misc_corridors, st_stairs_10, serial_bayou_pond_a,
          nicolae_snake_shapes
Snake:2:  layout_misc_corridors, serial_bayou_shore_a
Snake:3:  layout_grid_maze
Snake:4:  snake_pit_salamanders_mu, layout_grid_shapes, serial_bayou_pond_e,
          minmay_shoptagon
Orc:1:    layout_diamond_mine, basic_altar, mines2_david, uniq_maurice,
          uniq_sonja, uniq_harold
Orc:2:    st_orc_ogre_mass, layout_caves
Elf:1:    layout_rooms, serial_shops, shop, kennysheep_underground_church
Elf:2:    layout_geoelf_diagonals
Elf:3:    minmay_elf_hall_furrowed, layout_geoelf_castle,
          gammafunk_ghost_tricky_traps, serial_shops, nicolae_shop_stone,
          nicolae_shop_stone, shop
Vaults:1: vaults_room_door_hall, vaults_room_corners, v_alt_pattern_6,
          vaults_mumra_hexcomb, nicolae_vaults_puzzle_piece,
          vaults_room_grunt_arrival_ludios, grunt_vaults_hallway_long,
          nicolae_vaults_back_hallway, nicolae_vaults_little_squares_2,
          vaults_dpeg_doors, st_check, layout_vaults_ring
Vaults:2: blue_anna_dwarven_crypt, st_smaller_cells,
          nicolae_vaults_little_squares_4, ontoclasm_vaults_spin,
          nicolae_vaults_little_squares_3, v_misc_22, vaults_mumra_chevron,
          nicolae_vaults_border_crossing, layout_vaults_omnigrid, serial_glass
Vaults:3: ontoclasm_vaults_chip, nicolae_vaults_what_the_h, st_eye,
          ontoclasm_vaults_gateway, vaults_room_pool, hangedman_vaults_pinch,
          v_misc_33, vaults_room_corners, v_rooms_2, ontoclasm_vaults_pinch,
          ontoclasm_vaults_loading_screen, vaults_room_semicircle,
          ontoclasm_vaults_decontamination, layout_vaults_maze_snakey,
          trove_entry_hex_spiral, uniq_mennas
Vaults:4: ontoclasm_vaults_bender, vaults_dpeg_spiral, vaults_room_pools,
          nicolae_vaults_yaktaur_gun_rack, nicolae_vaults_little_squares_6,
          serial_ice_h, nicolae_vaults_windows_and_doors_thing, v_pattern_2,
          nicolae_vaults_asterisk, hangedman_vaults_cutoff,
          ontoclasm_vaults_ring_small, ontoclasm_vaults_ring_small,
          layout_vaults_big_cross
Vaults:5: uniq_margery
Crypt:1:  layout_regular_city, hex_medium, weyrava_vampire_temple
Crypt:2:  layout_misc_corridors, basic_altar
Crypt:3:  david_glass_crypt, layout_chaotic_city, nicolae_crypt_small_crypt,
          st_stairs_13, lemuel_hellish_altar
Depths:1: layout_basic, wad_floor_pattern_untrapped, grunt_hell_entry_dis_grunt,
          roderic_serpentine_path, kennysheep_generic_room_10,
          serial_bayou_shore_b, grunt_megastairs_4, serial_bayou_shore_b
Depths:2: minmay_the_grid_octo_tiled_squarecenter_mashed
          [minmay_the_grid_octo_vomiting_pacman, minmay_the_grid_octo_teeth,
          minmay_the_grid_octo_77, minmay_the_grid_octo_clover,
          minmay_the_grid_square_5x5_megaprize_hollow,
          minmay_the_grid_square_5x5_two_walls_a,
          minmay_the_grid_square_5x5_six, minmay_the_grid_square_5x5_tri_point,
          minmay_the_grid_square_5x5_two_walls_b], layout_honeycomb,
          basic_altar, serial_shops, shop, hell_entry, kennysheep_windowed_goal
Depths:3: kennysheep_big_flooded_room, layout_gridville, grunt_pan_entry_zigzag,
          kennysheep_flooded_box, pf_hell_entry_great_geh
Depths:4: minmay_cut_squares, layout_cave_pools, enter_ziggurat_f,
          hangedman_abyss_entry_splay, grunt_metal_band, pan_entry,
          serial_sigils_hangedman_quiver, minmay_shop_grid_forest
Depths:5: grunt_zot_entry_tricorne, layout_cave_pools, hellmouth_1,
          serial_sigils, serial_sigils_hangedman_quiver,
          serial_sigils_hangedman_scratch, serial_sigils_hangedman_gnaw,
          serial_sigils_hangedman_confine, rand_demon_pan_entry_7, serial_shops,
          shop, abyss_entry_crystal, minmay_misc_feat_room
Zot:1:    layout_twisted_circle, lemuel_flame_loot_1
Zot:2:    grunt_deathspiral_small, layout_onion_interference, nzn_random_ring
Zot:3:    lemuel_draconian_sentries, layout_misc_corridors
Zot:4:    layout_cathedral_of_symmetry, st_stairs_5
Zot:5:    layout_gridlike, lemuel_baited_zot_trap, nicolae_transmutations_shop,
          grunt_ministairs_1

Skill      XL: |  1  2  3  4  5  6  7  8  9 10 11 12 13 14 15 16 17 18 19 20 21 22 23 24 25 26 27 |
---------------+----------------------------------------------------------------------------------+-----
Dodging        | 2 3 4 5 6 7 8 9 |  9.0
Conjurations   | 2 3 4 5 8 9 11 12 13 14 15 16 17 18 19 20 21 22 23 24 | 24.3
Air Magic      | 1 3 4 |  4.2
Poison Magic   | 1 3 4 |  4.1
Spellcasting   | 4 5 6 8 9 10 11 12 13 14 15 17 18 19 20 21 22 23 | 23.8
Summonings     | 2 3 4 5 |  5.6
Stealth        | 2 3 4 5 |  5.3
Fighting       | 1 2 3 4 5 6 7 8 11 13 | 13.5
Fire Magic     | 1 3 4 6 9 10 11 12 14 15 16 18 19 20 21 22 23 24 25 | 25.0
Polearms       | 1 2 3 4 5 7 8 |  8.4
Evocations     | 1 2 3 |  3.0
Invocations    | 3 6 7 9 10 11 | 11.3
Shields        | 1 2 3 4 5 6 |  6.1
Translocations | 2 3 |  3.1
Throwing       | 1 2 3 |  3.4
Ice Magic      | 1 2 |  2.7
Staves         | 1 2 3 |  3.4
Earth Magic    | 1 5 6 7 8 9 11 | 11.3
Charms         | 1 2 3 |  3.2

Action                   |  1- 3 |  4- 6 |  7- 9 | 10-12 | 13-15 | 16-18 | 19-21 | 22-24 | 25-27 || total
-------------------------+-------+-------+-------+-------+-------+-------+-------+-------+-------++-------
Melee: Trident           |       |    22 |    31 |    81 |   179 |    27 |       |       |       ||   340
       Tailslap          |       |     2 |       |     4 |    60 |     7 |    21 |    13 |     5 ||   112
       Staff             |       |       |       |       |   431 |   108 |     2 |     1 |     2 ||   544
       Demon trident     |       |       |       |       |       |       |   247 |   102 |    77 ||   426
Throw: Dart              |       |       |       |     9 |    43 |    16 |     5 |       |       ||    73
       Boomerang         |       |       |       |     2 |    10 |       |    12 |    15 |    12 ||    51
 Cast: Magic Dart        |   119 |   219 |   351 |    92 |       |       |       |       |       ||   781
       Call Imp          |     4 |    34 |    19 |     4 |    21 |       |       |       |       ||    82
       Mephitic Cloud    |       |       |     1 |     4 |       |       |       |       |       ||     5
       Conjure Flame     |       |       |    12 |     6 |     1 |       |       |       |       ||    19
       Sticky Flame      |       |       |     4 |    51 |   141 |    88 |    77 |    40 |    42 ||   443
       Fireball          |       |       |       |    91 |   282 |   427 |   479 |   400 |   425 ||  2104
       Blink             |       |       |       |    10 |    10 |     7 |       |     3 |     2 ||    32
       Starburst         |       |       |       |       |    34 |    26 |    59 |     9 |    34 ||   162
       Frozen Ramparts   |       |       |       |       |    17 |     2 |     1 |     3 |       ||    23
       Ozocubu's Armour  |       |       |       |       |    11 |     6 |     2 |       |       ||    19
       Iskenderun's Batt |       |       |       |       |     2 |    82 |    15 |     7 |       ||   106
       Fire Storm        |       |       |       |       |     1 |       |       |     1 |    45 ||    47
       Iron Shot         |       |       |       |       |       |    46 |    40 |    98 |    70 ||   254
       Absolute Zero     |       |       |       |       |       |     1 |     1 |       |       ||     2
       Ignition          |       |       |       |       |       |       |     3 |    58 |    18 ||    79
       Spellforged Servi |       |       |       |       |       |       |       |    22 |    55 ||    77
       Lehudib's Crystal |       |       |       |       |       |       |       |     2 |    47 ||    49
       Shatter           |       |       |       |       |       |       |       |       |     1 ||     1
Invok: Divine Exegesis   |       |       |       |       |     1 |     1 |     1 |       |     1 ||     4
       Channel Magic     |       |       |       |       |       |     6 |       |     1 |     2 ||     9
 Abil: Breathe Steam     |       |       |    13 |    77 |   110 |    74 |    57 |    17 |    11 ||   359
       Evoke Flight      |       |       |       |       |     1 |     1 |       |       |     1 ||     3
       Stop Flying       |       |       |       |       |     1 |       |       |       |     1 ||     2
Evoke: Wand              |       |       |       |     5 |     2 |       |       |       |    12 ||    19
       Lightning rod     |       |       |       |       |       |     2 |     1 |       |       ||     3
       Phial of floods   |       |       |       |       |       |       |     1 |       |       ||     1
  Use: Scroll            |       |     9 |    11 |     3 |    19 |    16 |    14 |     7 |    11 ||    90
       Potion            |       |       |       |       |     3 |       |     2 |       |     5 ||    10
 Stab: Distracted        |       |     1 |       |       |     3 |       |       |       |       ||     4
       Sleeping          |       |       |     2 |     1 |     5 |       |     1 |       |       ||     9
       Confused          |       |       |       |     1 |       |       |       |       |       ||     1
  Eat: Chunk             |     4 |     9 |    20 |    34 |    89 |    58 |    66 |    55 |    30 ||   365
       Ration            |       |     2 |     1 |     6 |    12 |    21 |     6 |     5 |    21 ||    74
Armor: Skin              |    13 |    34 |    30 |    41 |   200 |   101 |    65 |    67 |    80 ||   631
Dodge: Dodged            |    25 |    66 |    90 |   149 |   544 |   248 |   167 |   153 |   170 ||  1612
Block: Buckler           |       |       |       |    25 |   217 |   179 |   117 |    96 |    82 ||   716
       Reflection        |       |       |       |       |     2 |    45 |    29 |    26 |       ||   102
